AoeStats
← nacholorente1205

Black Forest

504694280Analyzed
4v4 RM · 25d ago on Sep 6, 2026· 64m 30s· 8 players
Game mode
Random Map
Map size
Large (8 player)
Population
200
Speed
Normal
Resources
Standard
Victory
Conquest
Starting age
Dark Age
Ending age
Imperial Age
RankedLock teamsTeams togetherTeam positionsShared explorationLock speedFull tech treeHidden civsTurbo modeCheats
Victory
Defeat
🇨🇦 Celts · Canada
1046
+14
🇨🇳 Vikings · China
992
+16
🇷🇺 Koreans · Russia
982
+17
🇪🇪 Vietnamese · Estonia
966
+18
🇦🇷 Britons · Argentina
1028
-17
🇪🇸 Chinese · Spain
1013
-17
🇦🇷 Franks · Argentina
1011
-17
🇦🇷 Cumans · Argentina
957
-14
PushySpoon29648
1:00 Loom
11:43 Feudal Age
18:19 Castle Age
21:00 Wheelbarrow
23:01 Hand Cart
23:41 Double-Bit Axe
24:54 Horse Collar
26:39 Heavy Plow
26:31 Stone Mining
29:51 Bow Saw
33:24 Imperial Age
32:01 Fletching
32:12 Padded Archer Armor
33:20 Ballistics
33:02 Bodkin Arrow
34:08 Yeomen
33:10 Pikeman
33:50 Squires
35:10 Chemistry
34:21 Gold Mining
35:20 Bracer
35:35 Leather Archer Armor
35:44 Leather Archer Armor
36:06 Gold Shaft Mining
37:05 Conscription
38:07 Elite Longbowman
39:58 Caravan
39:54 Gambesons
41:24 Two-Man Saw
41:08 Ring Archer Armor
40:38 Scale Mail Armor
62:14 Chain Mail Armor
61:50 Halberdier
Fran
0:41 Loom
17:27 Feudal Age
18:02 Double-Bit Axe
18:38 Town Watch
19:06 Horse Collar
19:46 Man-at-Arms
22:10 Wheelbarrow
27:04 Padded Archer Armor
32:59 Arson
35:59 Scale Mail Armor
38:19 Stone Mining
38:19 Gold Mining
41:52 Castle Age
42:40 Bloodlines
41:55 Light Cavalry
42:25 Light Cavalry
43:21 Husbandry
43:31 Bloodlines
46:57 Hand Cart
46:43 Town Patrol
48:09 Elite Skirmisher
50:58 Bow Saw
50:51 Heavy Plow
51:52 Leather Archer Armor
54:16 Chain Mail Armor
54:12 Forging
57:44 Crossbowman
59:17 Squires
58:55 Long Swordsman
FaceR99
5:38 Loom
11:40 Feudal Age
15:25 Castle Age
15:02 Double-Bit Axe
22:34 Gold Mining
23:23 Wheelbarrow
22:35 Town Watch
23:31 Bow Saw
26:20 Hand Cart
28:07 Scale Mail Armor
28:14 Scale Barding Armor
28:28 Forging
31:29 Gold Shaft Mining
30:44 Stone Mining
31:31 Iron Casting
30:56 Scale Mail Armor
31:16 Chain Barding Armor
34:03 Imperial Age
32:54 Husbandry
34:14 Cavalier
35:25 Conscription
35:09 Chivalry
36:45 Blast Furnace
36:00 Paladin
41:18 Hoardings
41:26 Plate Barding Armor
48:10 Light Cavalry
49:48 Caravan
49:48 Caravan
54:29 Elite Skirmisher
57:40 Coinage
57:46 Coinage
nacholorente1205
10:48 Feudal Age
12:53 Horse Collar
15:37 Wheelbarrow
22:52 Castle Age
21:32 Gold Mining
21:39 Double-Bit Axe
24:19 Heavy Plow
24:52 Hand Cart
26:57 Forging
26:52 Scale Barding Armor
26:59 Bow Saw
28:53 Bloodlines
29:29 Iron Casting
29:14 Chain Barding Armor
29:09 Steppe Husbandry
31:56 Gold Shaft Mining
33:56 Imperial Age
33:17 Fletching
37:10 Two-Man Saw
36:00 Elite Steppe Lancer
39:58 Blast Furnace
39:33 Plate Barding Armor
56:34 Bodkin Arrow
56:49 Caravan
58:03 Conscription
61:08 Elite Kipchak
61:56 Cuman Mercenaries
62:18 Light Cavalry
65:15 Crop Rotation
nebukatser
4:00 Loom
12:22 Feudal Age
17:38 Castle Age
16:03 Double-Bit Axe
16:01 Horse Collar
17:49 Wheelbarrow
19:25 Bow Saw
19:20 Heavy Plow
21:07 Stone Mining
21:08 Gold Mining
24:09 Crossbowman
25:40 Fletching
25:50 Padded Archer Armor
26:54 Thumb Ring
27:25 Ballistics
27:58 Hand Cart
27:44 Murder Holes
27:59 Fortified Wall
33:40 Imperial Age
32:13 Bodkin Arrow
32:33 Leather Archer Armor
35:08 Paper Money
34:57 Bracer
35:27 Ring Archer Armor
35:59 Chemistry
35:08 Arbalester
37:15 Elite Skirmisher
38:57 Imperial Skirmisher
Amazon Shopping
0:26 Loom
13:41 Feudal Age
18:38 Castle Age
16:23 Horse Collar
16:52 Double-Bit Axe
18:38 Forging
19:50 Man-at-Arms
21:59 Iron Casting
22:21 Scale Mail Armor
22:05 Long Swordsman
27:03 Chain Mail Armor
26:39 Fishing Lines
33:13 Gillnets
36:46 Imperial Age
34:53 Wheelbarrow
34:54 Bow Saw
35:53 Arson
37:21 Hand Cart
37:29 Fletching
37:39 Padded Archer Armor
38:04 Ballistics
37:56 Pikeman
39:39 Blast Furnace
39:10 Plate Mail Armor
40:21 Halberdier
53:00 Conscription
52:51 Furor Celtica
53:18 Hoardings
53:24 Capped Ram
55:03 Elite Woad Raider
55:45 Siege Ram
63:22 Elite Skirmisher
64:02 Bodkin Arrow
64:23 Leather Archer Armor
64:28 Imperial Skirmisher
ZIVA
13:16 Feudal Age
19:39 Castle Age
26:07 Fishing Lines
26:15 Horse Collar
26:29 Double-Bit Axe
32:37 Heavy Plow
32:50 Bow Saw
33:47 Gillnets
43:27 Caravan
43:58 Coinage
48:54 Gold Mining
48:54 Stone Mining
курди рс
0:46 Loom
12:38 Feudal Age
14:12 Wheelbarrow
15:15 Horse Collar
19:22 Castle Age
17:31 Double-Bit Axe
20:40 Hand Cart
21:18 Bow Saw
21:44 Heavy Plow
25:01 Fletching
25:25 Caravan
25:25 Gold Mining
25:34 Stone Mining
27:56 Bodkin Arrow
28:08 Town Watch
34:24 Imperial Age
31:23 Elite Skirmisher
31:55 Crossbowman
32:43 Thumb Ring
32:15 Crossbowman
33:42 Town Patrol
34:23 Forging
34:13 Scale Mail Armor
34:06 Gambesons
34:22 Squires
34:11 Arson
36:07 Chemistry
35:29 Ballistics
34:50 Treadmill Crane
35:21 Masonry
35:35 Conscription
35:28 Bracer
36:59 Two-Man Saw
36:36 Arbalester
37:51 Heavy Rocket Cart
39:11 Shinkichon
38:33 Imperial Skirmisher
39:58 Iron Casting
39:24 Scale Mail Armor
39:19 Elite War Wagon
43:18 Elite Fire Lancer
44:16 Chain Mail Armor
44:09 Scale Barding Armor
44:47 Husbandry
49:27 Pikeman
50:01 Halberdier
50:36 Light Cavalry
52:17 Siege Engineers
52:44 Architecture
52:12 Murder Holes
53:31 Plate Mail Armor
56:33 Cavalier
57:36 Hussar
58:37 Fortified Wall
58:17 Arrowslits
Connection lost

Rejoining the realm…

Still unreachable

The connection could not be restored.

Session expired

The server has moved on; the page needs a fresh start.